 Dungeon Crawl Stone Soup version 0.30-a0-557-ge2afbf3030 (webtiles) character file.

Game seed: 14701608980154932541

12 Shayle the Conjurer (level 2, -2/17 HPs)
             Began as a Tengu Reaver on Dec 27, 2022.
             Slain by a gnoll
             ... wielding a +1 flail of holy wrath
              (5 damage)
             ... on level 1 of the Dungeon.
             The game lasted 00:01:41 (360 turns).

Shayle the Conjurer (Tengu Reaver)                   Turns: 360, Time: 00:01:42

Health: -2/17      AC:  3    Str: 12    XL:     2   Next: 33%
Magic:  6/6        EV: 12    Int: 13    God:
Gold:   27         SH:  0    Dex: 12    Spells: 4/5 levels left

rFire   . . .      SeeInvis .    j - +1 dagger (drain)
rCold   . . .      Faith    .    (no shield)
rNeg    . . .      Spirit   .    b - +0 leather armour
rPois   .          Reflect  .    (helmet restricted)
rElec   .          Harm     .    (no cloak)
rCorr   .          Rampage  .    (no gloves)
Will    .....                    (boots unavailable)
Stlth   +                        (no amulet)
HPRegen 0.22/turn                (no ring)
MPRegen 0.10/turn                (no ring)

@: flying
A: beak, talons 3
a: no special abilities


You were on level 1 of the Dungeon.
You visited 1 branch of the dungeon, and saw 1 of its levels.

You collected 27 gold pieces.

Inventory:

Hand Weapons
 a - a +0 spear
 j - a +1 dagger of draining (weapon)
Armour
 b - a +0 leather armour (worn)
Scrolls
 c - a scroll of identify {unknown}
 e - a scroll of enchant weapon {unknown}
 f - a scroll of immolation {unknown}
 g - a scroll of enchant armour {unknown}
 h - a scroll of fog {unknown}
 k - a scroll of noise {unknown}
Potions
 i - a potion of resistance {unknown}


   Skills:
 + Level 2.2 Fighting
 - Level 3.2 Polearms
 + Level 2.4 Dodging
 + Level 2.2 Spellcasting
 - Level 4.0 Conjurations
 + Level 0.9 Necromancy


You had 4 spell levels left.
You knew the following spells:

 Your Spells              Type           Power      Damage    Failure   Level
a - Kiss of Death         Conj/Necr      28%        2d7       12%         1

Your spell library contained the following spells:

 Spells                   Type           Power      Damage    Failure   Level
 Momentum Strike          Conj/Tloc      12%        3d8       22%         2
 Hailstorm                Conj/Ice       6%         3d4       38%         3


Dungeon Overview and Level Annotations

Branches:
Dungeon (1/15)

Altars:


Innate Abilities, Weirdness & Mutations

You have a beak for a mouth.
You have claws for feet.


Message History

k - a scroll labelled SAETITT PONA An endoplasm comes into view.
The endoplasm quivers.
You hit the endoplasm. You drain the endoplasm.
You kill the endoplasm!
Your life force feels restored.
You see here a staff of poison.
A bat comes into view.
You hit the bat.
You kill the bat!
Found a stone staircase leading down.
There is a stone staircase leading down here.
A giant cockroach comes into view.
You hit the giant cockroach. You drain the giant cockroach.
You kill the giant cockroach!
You see here a giant cockroach corpse.
An endoplasm comes into view.
The endoplasm quivers.
You hit the endoplasm. You claw the endoplasm.
You kill the endoplasm!
A gnoll comes into view.
It is wielding a +1 flail of holy wrath.
Found 15 gold pieces.
The gnoll shouts!
You hit the gnoll. You claw the gnoll, but do no damage. You peck the gnoll.
The gnoll is moderately wounded.
The gnoll hits you with a +1 flail of holy wrath!
Ouch! That really hurt!
You hit the gnoll but do no damage. You drain the gnoll.
You claw the gnoll, but do no damage.
The gnoll is heavily wounded.
The gnoll hits you with a +1 flail of holy wrath.
* * * LOW HITPOINT WARNING * * *
You closely miss the gnoll. Your kick misses the gnoll. You peck the gnoll.
The gnoll is severely wounded.
The gnoll closely misses you.
It was a potion of flight.
You feel very buoyant.
You fly up into the air.
The gnoll hits you with a +1 flail of holy wrath.
You die...

.$........ #... .......
########.# #...# #.##.# #.# ##
#...# #.##.###.# .# #...#
#........# .# #...# #####..### .#
# ##.## #.#####..### .#####.###
#g# #..........# .##...... #
####@#########.##.#.#
.##.##.##.###.......# #.##.#.#
...............#.##.# #.##....
###..#....###....##.######.####..
∩..........._.†####..............
.....................####.#######
...............###.### #.#
...∩.....∩.....# #.# #.#
...............###.# ####.####


You could see a gnoll (very drained).

Vanquished Creatures
  A ball python (D:1)
  4 endoplasms (D:1)
  A giant cockroach (D:1)
  2 goblins (D:1)
  A kobold (D:1)
  A bat (D:1)
10 creatures vanquished.

Notes
Turn   | Place    | Note
-------+----------+-------------------------------------------
     0 | D:1      | Shayle the Tengu Reaver began the quest for the Orb.
     0 | D:1      | Reached XP level 1. HP: 12/12 MP: 4/4
   111 | D:1      | Found a faded altar of an unknown god.
   220 | D:1      | Reached XP level 2. HP: 16/16 MP: 6/6
   360 | D:1      | Slain by a gnoll

Illustrated notes

Levels and vault maps discovered:
D:1:      lightli_arrival_quake, layout_loops_cross, serial_shops,
          nicolae_lakefront_shop, hellmonk_ecumenical_altar_arch_garden

Action                   || total
-------------------------++-------
Melee: Spear             ||    12
       Dagger            ||     8
       Peck              ||     3
       Kick              ||     3
  Use: Potion            ||     1
Armor: Leather armour    ||     1
Dodge: Dodged            ||     9

Table legend: (Time is in decaauts)
 A = Elapsed time spent in this place.
 B = Non-inter-level travel time spent in this place.
 C = Inter-level travel time spent in this place.
 D = Time resting spent in this place.
 E = Time spent auto-exploring this place.
 F = Levels seen in this place.
 G = Mean time per level.
                   A        B        C        D        E       F      G
               +--------+--------+--------+--------+--------+-----+--------+
         Total |    358 |    358 |      0 |      0 |    264 |   1 |  358.0 |
       Dungeon |    358 |    358 |      0 |      0 |    264 |   1 |  358.0 |
               +--------+--------+--------+--------+--------+-----+--------+

Top non-repeatable levels by time:
     D:1: 358 daAuts
